 Dungeon Crawl Stone Soup version 0.31.0-32-g396128a36d (webtiles) character file.

Game seed: 17070669395629042725

961 TacoSundae the Ruffian (level 8, -2/37 HPs)
             Began as a Vine Stalker Shapeshifter on Apr 10, 2024.
             Slain by a gnoll sergeant
             ... wielding a +0 spear
              (5 damage)
             ... on level 6 of the Dungeon.
             The game lasted 00:08:38 (3478 turns).

TacoSundae the Ruffian (Vine Stalker Shapeshifter)  Turns: 3478, Time: 00:08:38

Health: -2/37      AC:  8    Str: 18    XL:     8   Next: 15%
Magic:  0/9        EV: 12    Int: 10    God:
Gold:   162        SH:  0    Dex: 15    Spells: 7/7 levels left

rFire   . .          .
                       - Unarmed
rCold   . . .        (no shield)
rNeg    + . .        x - +2 robe {rN+}
rPois   .            (helmet currently unavailable)
rElec   .            (cloak currently unavailable)
rCorr   +            (gloves currently unavailable)
SInv    .            (boots currently unavailable)
Will    +....        (no amulet) Stlth
                     u - ring of resist corrosion
HPRegen 1.06/turn    v - +4 ring of protection
MPRegen 0.11/turn

%: guardian spirit
@: beast-form, silenced, weak-willed, enlightened, flying, hasted, very quick
A: beast (slay +3), fangs 3, regeneration 1, magic shield, antimagic bite, no
potion heal 2
a: Begin Untransformation


You were on level 6 of the Dungeon.
You were a hulking beast.
You visited 1 branch of the dungeon, and saw 5 of its levels.

You collected 162 gold pieces.

Inventory:

Armour
 x - a +2 robe of positive energy (worn)
 y - a +3 scale mail of fire resistance
Jewellery
 g - a ring of poison resistance
 u - a ring of resist corrosion (left hand)
 v - a +4 ring of protection (right hand)
Talismans
 c - a beast talisman
 d - a flux talisman
Wands
 b - a wand of polymorph (5)
Scrolls
 h - 3 scrolls of vulnerability
 i - a scroll of immolation
 n - 2 scrolls of identify
Potions
 a - 2 potions of curing
 t - 2 potions of mutation {unknown}
 w - a potion of cancellation {unknown}


   Skills:
 - Level 0.8 Fighting
 - Level 1.5 Dodging
 + Level 7.1 Unarmed Combat
 + Level 6.6 Shapeshifting


You had 7 spell levels left.
You didn't know any spells.
Your spell library contained the following spells:

 Spells                   Type           Power      Damage    Failure   Level
 Freeze                   Ice            0%         1d3       36%         1
 Ensorcelled Hibernation  Hex/Ice        0%         N/A       50%         2
 Frozen Ramparts          Ice            0%         1d1       75%         3
 Hailstorm                Conj/Ice       0%         3d5       75%         3
 Passwall                 Erth           0%         N/A       75%         3
 Swiftness                Air            0%         N/A       75%         3


Dungeon Overview and Level Annotations

Branches:
Dungeon (4/15)
 Temple: D:4-7

Altars:
Nemelex Xobeh
Sif Muna

Annotations:
D:4 exclusion: door


Innate Abilities, Weirdness & Mutations

You are a hulking beast.
Your limbs bulge with bestial killing power. (Slay +3)
You have razor-sharp teeth.
Your natural rate of healing is unusually fast.
When hurt, damage is shared between your health and your magic reserves.
Your bite disrupts and absorbs the magic of your enemies.
Potions cannot restore your health.


Message History

Unknown command.
As you read the scroll labelled MYAHEU ABLYQEU, it crumbles to dust.
Your body is wracked with pain!
The gnoll sergeant convulses!
It was a scroll of torment.
As you read the scroll labelled HUUDUP XECVO, it crumbles to dust.
It is a scroll of enchant armour.
Your +2 scale mail of fire resistance glows green for a moment.
As you read the scroll labelled WYUTYCOSAC, it crumbles to dust.
A profound silence engulfs you.
It was a scroll of silence.
You barely miss the gnoll. The gnoll closely misses you.
The gnoll sergeant hits you but does no damage.
You hit the gnoll. You bite the gnoll! You drain its power.
You feel invigorated.
The gnoll is almost dead.
The komodo dragon seems to regain its courage.
The gnoll hits you with a +0 club. The gnoll sergeant barely misses you.
It was a potion of magic.
Magic courses through your body. The gnoll hits you with a +0 club.
The gnoll sergeant hits you but does no damage.
The komodo dragon bites you!!
Ouch! That really hurt!
* * * LOW HITPOINT WARNING * * *
Unknown command.
Magic scrolls do not work when you're silenced!
It was a potion of enlightenment.
You feel very buoyant.
You fly up into the air.
The sentinel's mark upon you fades away.
The gnoll barely misses you.
The gnoll sergeant hits you from afar with a +0 spear.
* * * LOW HITPOINT WARNING * * *
The komodo dragon bites you.
* * * LOW HITPOINT WARNING * * *
Unknown command.
It was a potion of haste.
You feel yourself speed up. The gnoll sergeant closely misses you.
The komodo dragon bites you but does no damage.
The gnoll misses you.
The gnoll sergeant hits you with a +0 spear.
You die...

############### ###############
############### * ###############
* ############### *
############### *
********##.lool§§############****
**,,,,,,##.§§##.§+...........,,,,
**,*****#8§.§8#gh####.....##.****
*,,* ##...####g.....#..##.###
,,** ##...####.####....##...##
,** ##...####.###########.##8 **
#8..o8###..........##.... ***
**##...#############.......
***8###8##o..##8###8######..##...
,,,................,,,........##8
*,,........8...^...,,,#######.###


You could see a komodo dragon, a gnoll sergeant, an orc wizard and a gnoll.

Vanquished Creatures
  Sigmund (D:4)
  A water moccasin (D:4)
  Blork the orc (D:4)
  2 scorpions
  A howler monkey (D:6)
  2 hounds
  An orc priest (D:3)
  A jelly (D:6)
  Jessica (D:3)
  An iguana (D:4)
  3 orc wizards
  8 adders
  2 gnolls (D:6)
  2 ufetubi (D:6)
  3 dart slugs
  4 ribbon worms
  10 orcs
  8 ball pythons
  3 endoplasms
  3 giant cockroaches
  11 goblins
  9 hobgoblins
  7 quokkas
  7 bats
  4 frilled lizards
  8 kobolds
  27 rats
131 creatures vanquished.

Notes
Turn   | Place    | Note
-------+----------+-------------------------------------------
     0 | D:1      | TacoSundae the Vine Stalker Shapeshifter began the quest
                  | for the Orb.
     0 | D:1      | Reached XP level 1. HP: 9/9 MP: 2/2
    48 | D:1      | Reached XP level 2. HP: 14/14 MP: 1/3
   575 | D:1      | Reached XP level 3. HP: 17/17 MP: 4/4
  1011 | D:2      | Reached skill level 4 in Unarmed Combat
  1011 | D:2      | Reached XP level 4. HP: 20/21 MP: 3/5
  1773 | D:3      | Found a sparkling altar of Nemelex Xobeh.
  1923 | D:3      | Reached XP level 5. HP: 23/25 MP: 6/6
  2189 | D:3      | Identified the +1 chain mail of Voczusm {rElec rC++ Regen+
                  | Dex-2}
  2275 | D:3      | Noticed Jessica
  2281 | D:3      | Killed Jessica
  2327 | D:3      | Reached skill level 5 in Unarmed Combat
  2608 | D:3      | Reached XP level 6. HP: 29/29 MP: 7/7
  2721 | D:4      | Found a shimmering blue altar of Sif Muna.
  2750 | D:4      | Noticed a water moccasin
  2761 | D:4      | Killed a water moccasin
  2762 | D:4      | Reached skill level 5 in Shapeshifting
  2957 | D:4      | Reached XP level 7. HP: 23/32 MP: 3/8
  2997 | D:4      | Noticed Blork the orc
  3007 | D:4      | Killed Blork the orc
  3008 | D:4      | Reached skill level 6 in Unarmed Combat
  3042 | D:4      | Noticed Sigmund
  3061 | D:4      | Killed Sigmund
  3146 | D:4      | You fall into a shaft and drop 2 floors!
  3391 | D:6      | Gained mutation: You have razor-sharp teeth. [Vine Stalker
                  | growth]
  3391 | D:6      | Reached XP level 8. HP: 37/37 MP: 9/9
  3418 | D:6      | Reached skill level 7 in Unarmed Combat
  3465 | D:6      | Noticed a komodo dragon
  3476 | D:6      | HP: 1/37 [komodo dragon (1)]
  3478 | D:6      | Slain by a gnoll sergeant

Illustrated notes

Levels and vault maps discovered:
D:1:      minmay_arrival_up_and_down, layout_basic,
          chequers_serial_rivers_micro_b, amethyst_killhole,
          minmay_close_crescents
D:2:      layout_loops_ring, minmay_rat_hole
D:3:      minmay_evil_eye, layout_loops_cross,
          nemelex_xobeh_ov_fountains_minmay, uniq_jessica
D:4:      layout_loops_ring, led_sif_book, cheibrodos_worm_habitat,
          uniq_sigmund, uniq_ijyb, uniq_blork_the_orc
D:6:      corexii_shack_village, layout_basic, lemuel_crystal_altar,
          serial_corexii_hall, corexii_hall_statues_x, corexii_hall_statues_x

Skill      XL: |  1  2  3  4  5  6  7  8 |
---------------+-------------------------+-----
Unarmed Combat | 4 5 6 7 |  7.1
Shapeshifting  | 4 5 6 |  6.6
Fighting       | |  0.8
Dodging        | |  1.5

Action                     |  1- 3 |  4- 6 |  7- 9 || total
---------------------------+-------+-------+-------++-------
  Melee: Unarmed           |    82 |   123 |    76 ||   281
         Bite              |    16 |    29 |    23 ||    68
         Punch             |     4 |     2 |       ||     6
    Use: Potion            |       |     1 |     3 ||     4
         Scroll            |       |       |    12 ||    12
   Stab: Sleeping          |       |       |     2 ||     2
 Armour: Skin              |     4 |     9 |       ||    13
         Leather armour    |    23 |    55 |     9 ||    87
         Robe              |       |       |    28 ||    28
  Dodge: Dodged            |    30 |    55 |    31 ||   116
